Meat grinding for 11 VP

Match 23504130
End
Selects Airborne Battlegroup
Selects Heavy Machine Gun Paradrop
Heavy Machine Gun Paradrop
Construct Barracks
Riflemen Squad
Riflemen Squad
Riflemen Squad
Infantry Support Center
Construct Motor Pool
M1 Mortar Team
M8 Greyhound Armored Car
Selects Smoke Bombing Run
Selects Paratrooper Squad Paradrop
Engineer Squad
M1918 Browning Automatic Rifles
Grenade Package
Mortar Pit
Selects Anti-tank Gun Team Paradrop
Smoke Bombing Run
Anti-tank Gun Team Paradrop
Munitions Surplus
Smoke Bombing Run
Construct Tank Depot
Selects Paradrop Reinforcements
M18 Hellcat Tank Destroyer
Heavy Machine Gun Paradrop
Engineer Squad
Selects Carpet Bombing Run
M18 Hellcat Tank Destroyer
Paradrop Reinforcements
Carpet Bombing Run
Paratrooper Squad Paradrop
Paratrooper Squad Paradrop
M18 Hellcat Tank Destroyer
Carpet Bombing Run
Smoke Bombing Run
Anti-tank Gun Team Paradrop
M18 Hellcat Tank Destroyer
M18 Hellcat Tank Destroyer
Heavy Machine Gun Paradrop
Smoke Bombing Run
Paratrooper Squad Paradrop
Smoke Bombing Run
[XIII] Exotox
smallNhii
Pandemic
sheenhochul
0
0

Comments sign in to comment!

No comments posted yet!